 Dungeon Crawl Stone Soup version 0.28-a0-10-g964c8b829e (webtiles) character file.

Game seed: 5723694586738117311

200 pkoi the Chopper (level 5, 0/46 HPs)
             Began as a Minotaur Gladiator on July 26, 2021.
             Killed from afar by an orc wizard (9 damage)
             ... with a magic dart
             ... on level 3 of the Dungeon.
             The game lasted 00:02:22 (3277 turns).

pkoi the Chopper (Minotaur Gladiator)               Turns: 3277, Time: 00:02:24

Health: 0/46       AC:  3    Str: 19    XL:     5   Next: 48%
Magic:  4/4        EV: 12    Int:  5    God:
Gold:   100        SH:  0    Dex: 12    Spells: 4/4 levels left

rFire   . . .      SeeInvis .   a - +0 war axe
rCold   + . .      Faith    .   (no shield)
rNeg    . . .      Spirit   .   b - +0 leather armour
rPois   .          Reflect  .   c - +0 hat
rElec   .          Harm     .   (no cloak)
rCorr   .          Rampage  .   (no gloves)
Will    .....                   (no boots)
Stlth   +.........              (no amulet)
HPRegen 0.15/turn               (no ring)
MPRegen 0.09/turn               (no ring)

@: mighty, lethally poisoned (0 -> -7)
A: horns 2, retaliatory headbutt, cold resistance 1, mutation resistance 1
a: no special abilities


You were on level 3 of the Dungeon.
You visited 1 branch of the dungeon, and saw 3 of its levels.

You collected 100 gold pieces.

Inventory:

Hand Weapons
 a - a +0 war axe (weapon)
Missiles
 d - 3 throwing nets (quivered)
Armour
 b - a +0 leather armour (worn)
 c - a +0 hat (worn)
Jewellery
 j - a ring of fire
Wands
 k - a wand of polymorph (7)
Scrolls
 e - 2 scrolls of identify {unknown}
 f - 2 scrolls of enchant armour {unknown}
 i - 2 scrolls of teleportation {unknown}
Potions
 h - a potion of curing


   Skills:
 + Level 3.8 Fighting
 * Level 5.6 Axes
 - Level 2.0 Throwing
 + Level 2.7 Armour
 - Level 4.0 Dodging


You had 4 spell levels left.
You didn't know any spells.
Your spell library contained the following spells:

 Spells                   Type           Power      Damage    Failure   Level
 Animate Skeleton         Necr           0%         N/A       54%         1
 Pain                     Necr           0%         1d4       54%         1
 Vampiric Draining        Necr           0%         2d6       88%         3


Dungeon Overview and Level Annotations

Branches:
Dungeon (3/15)

Altars:


Innate Abilities, Weirdness & Mutations

You have a pair of horns on your head.
You reflexively headbutt those who attack you in melee.
Your flesh is cold resistant. (rC+)
You are somewhat resistant to further mutation.


Message History

You barely miss something.
You feel very sick.
You hear some strange, mumbled words.
A magic dart appears from out of thin air!
The magic dart hits you.
You are too injured to fight recklessly!
Unknown command.
It was a potion of mutation.
You feel extremely strange.
You feel genetically stable.
You feel resistant to cold.
You feel sick. Something hits you.
You are more poisoned.
The frilled lizard bites you.
Unknown command.
Unknown command.
You feel very sick.
You hear some strange, mumbled words.
Something tries to affect you, but you resist.
* * * LOW HITPOINT WARNING * * *
You feel very sick.
You feel sick.
It was a potion of might.
You feel very mighty all of a sudden.
You feel sick. The frilled lizard barely misses you. You furiously retaliate!
You headbutt the frilled lizard.
You kill the frilled lizard!
You hear some strange, mumbled words.
A puff of flame appears from out of thin air!
The puff of flame hits you.
* * * LOW HITPOINT WARNING * * *
It was a potion of curing.
You feel better.
You barely miss something. You headbutt something. Something hits you.
* * * LOW HITPOINT WARNING * * *
You are poisoned.
You closely miss something.
* * * LOW HITPOINT WARNING * * *
You feel very sick.
You hear some strange, mumbled words.
A magic dart appears from out of thin air!
The magic dart hits you!
You die...

........#..##........
###...........##....#
)g##....#........#
KrS#..#........######
.Kr#......###........
:.#####... #.######. #
. #.##.. #......#
.#... ...#..
#.####.##......
#.##).###.##@{o)).#
+#.......##.###)......
............# ###....
.......###### ...
#..#.## . ## #. . #


You could see an orc.

Vanquished Creatures
  Natasha (thrice) (D:2)
  3 gnolls (D:3)
  3 adders (D:2)
  3 worms (D:2)
  A dart slug (D:1)
  5 orcs (D:3)
  2 endoplasms (D:1)
  3 giant cockroaches (D:1)
  5 goblins (D:1)
  6 hobgoblins
  4 jackals (D:2)
  3 ball pythons
  3 bats
  3 frilled lizards
  5 kobolds
  6 rats
58 creatures vanquished.

Vanquished Creatures (others)
  16 plants (D:2)
16 creatures vanquished.

Grand Total: 74 creatures vanquished

Notes
Turn   | Place    | Note
-------+----------+-------------------------------------------
     0 | D:1      | pkoi the Minotaur Gladiator began the quest for the Orb.
     0 | D:1      | Reached XP level 1. HP: 18/18 MP: 0/0
    87 | D:1      | Reached XP level 2. HP: 15/25 MP: 1/1
   217 | D:1      | Reached skill level 4 in Axes
   362 | D:1      | Reached skill level 1 in Armour
   929 | D:1      | Reached XP level 3. HP: 22/30 MP: 2/2
  1691 | D:2      | Noticed Natasha
  1694 | D:2      | Killed Natasha
  1695 | D:2      | Reached XP level 4. HP: 37/38 MP: 3/3
  2084 | D:2      | Noticed Natasha
  2094 | D:2      | Killed Natasha
  2095 | D:2      | Reached skill level 5 in Axes
  2356 | D:2      | Found a faded altar of an unknown god.
  2356 | D:2      | Noticed a golden eye
  2389 | D:2      | Noticed a floating eye
  2400 | D:2      | Noticed a shining eye
  2475 | D:2      | Noticed a floating eye
  2493 | D:2      | Noticed Natasha
  2500 | D:2      | Killed Natasha
  2501 | D:2      | Reached XP level 5. HP: 39/45 MP: 4/4
  3270 | D:3      | Gained mutation: You are somewhat resistant to further
                  | mutation. [potion of mutation]
  3270 | D:3      | Gained mutation: Your flesh is cold resistant. (rC+)
                  | [potion of mutation]
  3277 | D:3      | Killed from afar by an orc wizard

Illustrated notes

Levels and vault maps discovered:
D:1:      lightli_arrival_flooded_house, layout_basic
D:2:      wad_pebble_path, layout_loops_corners,
          hellmonk_ecumenical_altar_watching_god, minmay_fountain_box,
          serial_bayou_lake_a, uniq_natasha
D:3:      layout_rooms, yredelemnul_altar_generic, nrook_mini_backslash,
          minmay_joined_circles

Skill      XL: |  1  2  3  4 |
---------------+-------------+-----
Axes           | 4 5 |  5.6
Armour         | 1 2 |  2.7
Fighting       | 3 |  3.8
Dodging        | 4 |  4.0
Throwing       | |  2.0

Action                   |  1- 3 |  4- 6 || total
-------------------------+-------+-------++-------
Melee: War axe           |    64 |    47 ||   111
       Headbutt          |     6 |     6 ||    12
  Use: Potion            |       |     3 ||     3
 Stab: Sleeping          |       |     1 ||     1
Armor: Leather armour    |    15 |     6 ||    21
Dodge: Dodged            |    40 |    32 ||    72

Table legend: (Time is in decaauts)
 A = Elapsed time spent in this place.
 B = Non-inter-level travel time spent in this place.
 C = Inter-level travel time spent in this place.
 D = Time resting spent in this place.
 E = Time spent auto-exploring this place.
 F = Levels seen in this place.
 G = Mean time per level.
                   A        B        C        D        E       F      G
               +--------+--------+--------+--------+--------+-----+--------+
         Total |   3345 |   3257 |     88 |    606 |   2298 |   3 | 1115.0 |
       Dungeon |   3345 |   3257 |     88 |    606 |   2298 |   3 | 1115.0 |
               +--------+--------+--------+--------+--------+-----+--------+

Top non-repeatable levels by time:
     D:2: 1936 daAuts
     D:1: 1291 daAuts
     D:3: 117 daAuts
